 Dungeon Crawl Stone Soup version 0.17.0-19-gb37c632 (console) character file.

9664 Kramin the Grappler (level 11, -13/94 (95) HPs)
             Began as a Ghoul Arcane Marksman on Nov 11, 2015.
             Was a High Priest of Makhleb.
             Mangled by a minotaur
             ... wielding a +9 rod of inaccuracy (8/11)
              (34 damage)
             ... in a labyrinth.
             The game lasted 00:41:55 (9528 turns).

Kramin the Grappler (Ghoul Arcane Marksman)         Turns: 9528, Time: 00:41:55

HP:   -13/94 (95)   AC:  8    Str: 18    XL:     11   Next: 50%
MP:   16/16         EV:  7    Int:  6    God:    Makhleb [*****.]
Gold: 260           SH:  0    Dex: 17    Spells: 1 memorised, 11 levels left

rFire  . . .     SeeInvis .       - Unarmed
rCold  + + .     Clarity  .     f - +0 chain mail
rNeg   + + +     SustAt   .     (no shield)
rPois  ∞         Gourm    .     (no helmet)
rElec  .         Spirit   .     (no cloak)
rCorr  .         Warding  .     (no gloves)
rMut   .         Stasis   .     (no boots)
MR     +....                    m - necklace of Bloodlust {*Rage +Rage MR+ Str+2 Int-2 Slay+3 *Curse} (curse)
Stlth  ..........               o - +6 ring of dexterity
                                a - ring of protection from cold

@: rotting, somewhat resistant to hostile enchantments, extremely unstealthy
A: rotting body, claws 1, carnivore 3, cold resistance 1, negative energy
resistance 3, slow regeneration 1, torment resistance, unbreathing
a: Minor Destruction, Lesser Servant of Makhleb, Major Destruction, Greater
Servant of Makhleb, Renounce Religion


You were in a labyrinth.
You worshipped Makhleb.
Makhleb was extremely pleased with you.
You were not hungry.

You visited 2 branches of the dungeon, and saw 12 of its levels.
You also visited: Labyrinth.

You collected 520 gold pieces.
You spent 260 gold pieces at shops.

Inventory:

Missiles
 c - 4 javelins
 s - 10 tomahawks (quivered)
Armour
 f - a +0 chain mail (worn)
 i - a +0 pair of gloves
Rods
 b - a +0 rod of the swarm (11/11)
   (You found it on level 6 of the Dungeon)
Jewellery
 a - a ring of protection from cold (left claw)
 m - the cursed necklace of Bloodlust (around neck) {*Rage +Rage MR+ Str+2 Int-2 Slay+3 *Curse}
   (You found it on level 10 of the Dungeon)

   [amulet of rage]

   It affects your strength (+2).
   It affects your intelligence (-2).
   It affects your accuracy and damage with ranged weapons and melee attacks
   (+3).
   It affects your resistance to hostile enchantments.
   It lets you go berserk.
   It may make you go berserk in combat.
   It may re-curse itself when equipped.
   It has a curse placed upon it.
 o - a +6 ring of dexterity (right claw)
 t - an uncursed ring of see invisible
 u - an uncursed ring of flight
Wands
 q - a wand of hasting (7)
 v - a wand of slowing (24)
 M - a wand of fireball (7)
Scrolls
 g - 3 scrolls of remove curse
 j - a scroll of fog {unknown}
 k - a scroll of amnesia {unknown}
 r - 2 scrolls of teleportation
 w - a scroll of summoning {unknown}
 y - 2 scrolls of enchant armour {unknown}
 A - a scroll of recharging
 D - 2 scrolls of noise {unknown}
 J - 2 scrolls of fear {unknown}
Potions
 h - 3 potions of ambrosia
 n - 6 potions of curing
 x - 4 potions of flight
 C - 2 potions of might
 E - 2 potions of brilliance
 F - a potion of agility
 G - a potion of magic
 H - a potion of haste
 I - a potion of berserk rage {unknown}
 L - a potion of resistance
Books
 d - a book of Debilitation

   Spells                             Type                      Level
   a - Corona                         Hexes                        1
   b - Slow                           Hexes                        2
   c - Gell's Gravitas                Hexes/Translocation          3
   d - Inner Flame                    Hexes/Fire                   3
   e - Cause Fear                     Hexes                        4
   f - Leda's Liquefaction            Hexes/Earth                  4
Comestibles
 e - 6 meat rations
 l - 2 beef jerkies


   Skills:
 + Level 8.6 Fighting
 - Level 2.8 Throwing
 - Level 1.7 Dodging
 * Level 14.2 Unarmed Combat
 - Level 1.0 Spellcasting
 - Level 2.4 Hexes
 + Level 8.5 Invocations


You had 11 spell levels left.
You knew the following spells:

 Your Spells              Type           Power        Failure   Level  Hunger
a - Corona                Hex            #......      100%        1    ##.....


Dungeon Overview and Level Annotations

Branches:
Dungeon (10/15)            Temple (0/1) D:5            Lair (2/8) D:8
    Orc: D:9-12

Altars:
Gozag
Makhleb
Qazlal
Sif Muna
Vehumet
Yredelemnul

Shops:
D:7 !


Innate Abilities, Weirdness & Mutations

Your body is rotting away.
You thrive on raw meat.
You are immune to poison.
You have sharp fingernails.
You are carnivorous and can eat meat at any time.
Your flesh is cold resistant.
You are immune to negative energy.
You regenerate slowly when monsters are visible.
You are immune to unholy pain and torment.
You can survive without breathing.


Message History

You continue eating. x2
You finish eating.
That royal jelly was delicious!
A minotaur comes into view. It is wielding a rod of inaccuracy.
The minotaur bellows!
You mangle the minotaur!! You claw the minotaur!!
The minotaur is heavily wounded.
The minotaur zaps a rod.
The narrow beam of energy hits you!
You claw the minotaur!
The minotaur is severely wounded.
The minotaur hits you with a rod of inaccuracy!!
* * * LOW HITPOINT WARNING * * *
The minotaur gores you!
* * * LOW HITPOINT WARNING * * *
You claw the minotaur!
The minotaur is almost dead.
You claw the minotaur!
The minotaur is almost dead.
The minotaur hits you with a rod of inaccuracy!!
You die...

. .#. . . . .
###.# .#. # # .
#. .#. . . . # #
### # . # .# .. .
# . . . # #.###
## ### ###. #
................#
# .#.#
#.########.# #
#.#...#...@H.#.#
# #.
####.####.#.# #
#. # # #.# #.
#.###### #. ..
#........# # # #
# ###### # # . .


You could see a minotaur.

Vanquished Creatures
  A queen ant (Lair:1)
  Joseph (D:7)
  A spiny frog (Lair:2)
  A komodo dragon (Lair:1)
  Grinder (D:6)
  A deep elf mage (D:9)
  A steam dragon (D:8)
  A hungry ghost (D:8)
  3 water moccasins
  20 soldier ants (Lair:1)
  2 orc warriors
  3 porcupines (Lair:1)
  2 phantoms
  A necrophage (D:7)
  3 sky beasts
  An ice beast (D:8)
  3 ogres
  3 centaurs
  A big kobold (D:8)
  9 giant frogs
  A crocodile (Lair:1)
  3 scorpions
  11 killer bees
  The ghost of Squibie the Grasshopper, a weakling DgWr (D:3)
  A centaur zombie (D:7)
  2 jellies
  3 hounds
  5 crimson imps
  2 centaur skeletons
  A gnoll shaman (D:7)
  A giant frog skeleton (D:7)
  25 worker ants
  3 orc priests
  6 iguanas
  3 orc wizards (D:5)
  A hound skeleton (D:7)
  4 worker ant zombies
  15 gnolls
  15 river rats (Lair:1)
  13 adders
  3 shadow imps
  2 oozes
  4 worms
  3 adder skeletons
  3 giant geckos
  17 orcs
  4 goblins
  8 hobgoblins
  6 jackals
  12 kobolds
  2 quokkas (D:5)
  6 bats
  14 giant cockroaches
  4 giant newts
  2 quokka zombies
  11 rats
276 creatures vanquished.

Notes
Turn   | Place    | Note
--------------------------------------------------------------
     0 | D:1      | Kramin the Ghoul Arcane Marksman began the quest for the Orb.
     0 | D:1      | Reached XP level 1. HP: 16/16 MP: 1/1
     0 | D:1      | cribozai: Kramin playing on lantea :O
     0 | D:1      | yeah
     0 | D:1      | I am currently in germany :P
   323 | D:1      | Reached XP level 2. HP: 15/23 MP: 2/2
   663 | D:1      | Reached XP level 3. HP: 19/28 MP: 3/3
   667 | D:1      | Reached skill level 1 in Unarmed Combat
  1222 | D:2      | Reached XP level 4. HP: 3/35 MP: 4/4
  1703 | D:2      | Reached skill level 3 in Unarmed Combat
  2135 | D:3      | Found a burning altar of Makhleb.
  2135 | D:3      | Found a radiant altar of Vehumet.
  2151 | D:3      | Reached skill level 4 in Unarmed Combat
  2151 | D:3      | Reached XP level 5. HP: 21/40 MP: 5/5
  2162 | D:3      | Became a worshipper of Makhleb the Destroyer
  2241 | D:3      | Found a stormy altar of Qazlal.
  2247 | D:3      | Noticed Squibie's ghost (weakling DgWr)
  2284 | D:3      | Killed Squibie's ghost
  2907 | D:4      | Reached skill level 5 in Unarmed Combat
  2985 | D:4      | Reached XP level 6. HP: 38/47 MP: 6/6
  3116 | D:4      | Noticed an orc warrior
  3138 | D:4      | Killed an orc warrior
  3138 | D:4      | Reached skill level 6 in Unarmed Combat
  3155 | D:4      | Noticed a phantom
  3205 | D:4      | Killed a phantom
  3205 | D:4      | Reached skill level 7 in Unarmed Combat
  3205 | D:4      | Reached XP level 7. HP: 18/52 MP: 7/7
  3638 | D:5      | Entered Level 5 of the Dungeon
  3711 | D:5      | Found a deep blue altar of Sif Muna.
  3722 | D:5      | Reached skill level 8 in Unarmed Combat
  3751 | D:5      | Reached * piety under Makhleb
  3812 | D:5      | Found a staircase to the Ecumenical Temple.
  3989 | D:5      | Reached skill level 9 in Unarmed Combat
  3989 | D:5      | Reached skill level 1 in Invocations
  3989 | D:5      | Reached XP level 8. HP: 32/60 MP: 8/8
  4456 | D:5      | Reached ** piety under Makhleb
  4692 | D:6      | Reached skill level 10 in Unarmed Combat
  4780 | D:6      | Noticed Grinder
  4794 | D:6      | Killed Grinder
  4801 | D:6      | Found a basalt altar of Yredelemnul.
  4836 | D:6      | Reached XP level 9. HP: 57/71 MP: 10/10
  4983 | D:6      | Identified a +0 rod of the swarm (11/11) (You found it on level 6 of the Dungeon)
  5109 | D:7      | Found Nuqaf's Distillery.
  5120 | D:7      | Bought a potion of resistance for 130 gold pieces
  5120 | D:7      | Bought a potion of heal wounds for 65 gold pieces
  5120 | D:7      | Bought a potion of degeneration for 13 gold pieces
  5120 | D:7      | Bought a potion of poison for 13 gold pieces
  5120 | D:7      | Bought a potion of lignification for 39 gold pieces
  5128 | D:7      | Noticed Joseph
  5143 | D:7      | Killed Joseph
  5143 | D:7      | Reached *** piety under Makhleb
  5143 | D:7      | Reached skill level 11 in Unarmed Combat
  5274 | D:7      | Reached skill level 5 in Fighting
  5289 | D:7      | Found an opulent altar of Gozag.
  5331 | D:7      | Found a burning altar of Makhleb.
  5416 | D:8      | Reached skill level 5 in Invocations
  5732 | D:8      | Reached **** piety under Makhleb
  5735 | D:8      | Reached XP level 10. HP: 69/83 MP: 13/13
  5775 | D:8      | Reached skill level 12 in Unarmed Combat
  5803 | D:8      | Found a staircase to the Lair.
  6429 | D:9      | Found a radiant altar of Vehumet.
  6610 | D:9      | HP: 3/84 [killer bee (3)]
  6623 | D:9      | HP: 2/84 [killer bee (2)]
  6655 | D:10     | Entered Level 10 of the Dungeon
  6658 | D:10     | HP: 2/84 [killer bee (7)]
  6698 | D:10     | Found a flagged portal.
  6836 | D:10     | Noticed a hill giant
  7024 | Lair:1   | Entered Level 1 of the Lair of Beasts
  7048 | Lair:1   | Reached ***** piety under Makhleb
  7215 | Lair:1   | Reached skill level 13 in Unarmed Combat
  7441 | Lair:1   | Reached XP level 11. HP: 89/92 MP: 15/15
  7452 | Lair:1   | Noticed a queen ant
  7514 | Lair:1   | Killed a queen ant
  7576 | Lair:1   | Reached skill level 14 in Unarmed Combat
  8055 | Lair:2   | Found a labyrinth entrance.
  8063 | Lab      | Entered a labyrinth
  9524 | Lab      | Noticed a minotaur
  9528 | Lab      | Identified a +9 rod of inaccuracy (8/11)
  9528 | Lab      | Mangled by a minotaur

Action                   |  1- 3 |  4- 6 |  7- 9 | 10-12 || total
-------------------------+-------+-------+-------+-------++-------
Melee: Unarmed           |   188 |   199 |   449 |   413 ||  1249
Throw: Javelin           |     9 |     9 |     6 |     4 ||    28
       Throwing net      |     4 |     1 |       |     6 ||    11
       Tomahawk          |       |       |       |     2 ||     2
Evoke: Wand              |       |       |       |     1 ||     1
  Use: Scroll            |       |     1 |       |    15 ||    16
       Potion            |       |       |     1 |     1 ||     2
 Stab: Invisible         |       |       |       |     3 ||     3
  Eat: Chunk             |    18 |    24 |    32 |    40 ||   114
       Royal jelly       |       |       |       |     1 ||     1
